 Dungeon Crawl Stone Soup version 0.20-a0-1122-gb7cbeb9 (webtiles) character file.

4479 Gorglomux the Cleaver (level 10, -5/91 HPs)
             Began as a White Draconian Berserker on May 14, 2017.
             Was a High Priest of Trog.
             Slain by a killer bee (7 damage)
             ... on level 8 of the Dungeon.
             The game lasted 00:13:28 (7699 turns).

Gorglomux the Cleaver (White Draconian Berserker)   Turns: 7699, Time: 00:13:29

Health: -5/91      AC: 12    Str: 21    XL:     10   Next: 15%
Magic:  12/12      EV: 13    Int:  7    God:    Trog [*****.]
Gold:   579        SH:  0    Dex: 13    Spells: 9/9 levels left

rFire    . . .     SeeInvis +   a - +0 war axe
rCold    + . .     Gourm    +   (no shield)
rNeg     . . .     Faith    .   (armour unavailable)
rPois    .         Spirit   .   (helmet restricted)
rElec    .         Reflect  .   K - +2 cloak of the Thief {+Fog Slay-2 SInv Stlth+}
rCorr    .         Harm     .   H - +0 pair of gloves
MR       .....                  y - +0 pair of boots
Stlth    ++........             e - amulet of the gourmand {Gourm, !d}
Regen    0.3/turn               m - ring of flight {+Fly, !d}
MPRegen  0.2/turn               (no ring)

@: lethally poisoned (-5 -> -27), slowed, very slow
A: breathe frost, unfitting armour, cold resistance 1, cold-blooded, AC +7
a: Breathe Frost, Berserk, Trog's Hand, Brothers in Arms, Burn Spellbooks,
Renounce Religion, Evoke Fog, Evoke Flight


You were on level 8 of the Dungeon.
You worshipped Trog.
Trog was extremely pleased with you.
You were very full.

You visited 1 branch of the dungeon, and saw 9 of its levels.
You also visited: Ossuary.

You collected 651 gold pieces.
You spent 72 gold pieces at shops.

Inventory:

Hand Weapons
 a - a +0 war axe (weapon)
   (You found it on level 8 of the Dungeon)
 b - the +12 short sword of Courage {speed, rElec MR+ Stlth+}
   (You found it on level 4 of the Dungeon)

   Attacks with this weapon are significantly faster.
   It insulates you from electricity.
   It affects your resistance to hostile enchantments.
   It makes you more stealthy.
 O - a +0 hand axe
Missiles
 B - 3 curare-tipped needles
Armour
 y - a +0 pair of boots (worn)
   (You found it on level 3 of the Dungeon)
 H - a +0 pair of gloves (worn)
   (You found it on level 8 of the Dungeon)
 K - the +2 cloak of the Thief (worn) {+Fog Slay-2 SInv Stlth+}
   (You found it on level 6 of the Dungeon)

   It affects your accuracy and damage with ranged weapons and melee attacks
   (-2).
   It lets you see invisible.
   It makes you more stealthy.
Jewellery
 e - an amulet of the gourmand (around neck) {Gourm, !d}
   (You found it on level 1 of the Dungeon)
 m - a ring of flight (left hand) {+Fly, !d}
   (You found it on level 2 of the Dungeon)
 w - an uncursed amulet of harm
   (You found it on level 3 of the Dungeon)
 E - a +4 ring of protection {unknown}
   (You found it on level 5 of the Dungeon)
Wands
 z - a wand of lightning (12/15)
   (You found it on level 3 of the Dungeon)
 A - a wand of flame (31/48)
   (You found it on level 3 of the Dungeon)
 C - a wand of paralysis (12/24)
   (You found it on level 8 of the Dungeon)
 L - a wand of confusion (36/48)
   (You found it on level 8 of the Dungeon)
Scrolls
 h - 3 scrolls of recharging {unknown}
 j - 2 scrolls of identify
 n - a scroll of noise {unknown}
 q - 3 scrolls of remove curse
 t - 7 scrolls of teleportation
 u - 3 scrolls of enchant weapon {unknown}
 v - a scroll of enchant armour {unknown}
 x - 4 scrolls of magic mapping {unknown}
 F - 4 scrolls of immolation {!r}
 G - a scroll of blinking {unknown}
 I - a scroll of fear
 J - a scroll of fog {unknown}
 N - a scroll of random uselessness {unknown}
Potions
 c - 3 potions of cancellation
 f - 2 potions of agility
 g - 5 potions of flight
 i - 7 potions of heal wounds
 k - 3 potions of mutation {!q}
 p - 5 potions of brilliance
 r - a potion of berserk rage {!q}
 s - 3 potions of curing
 M - a potion of might {unknown}
Comestibles
 d - 4 meat rations {@e2@e2}
 l - 4 royal jellies
 o - 9 fruits
 D - 4 bread rations {@e1@e1}
 Q - 5 chunks of flesh {@w0@w0}


   Skills:
 + Level 9.3 Fighting
 * Level 12.0 Axes
 - Level 2.6 Dodging
 + Level 3.7 Evocations


You had 9 spell levels left.
You didn't know any spells.

Dungeon Overview and Level Annotations

Branches:
Dungeon (9/15)             Temple (0/1) D:6
   Lair: D:8-11         Orc: D:9-12

Altars:
Ashenzari
Dithmenos
Fedhas
Gozag
Okawaru
Ru
Uskayaw
Vehumet
Wu Jian
Xom
Zin

Shops:
D:4 *

Annotations:
D:7 1 runed door


Innate Abilities, Weirdness & Mutations

You can breathe waves of freezing cold.
You can buffet flying creatures when you breathe cold.
Your icy white scales are hard. (AC +7)
You cannot fit into any form of body armour.
Your flesh is cold resistant. (rC+)
You are cold-blooded and may be slowed by cold attacks.


Message History

The killer bee buzzes angrily. x2
The killer bee stings you but does no damage.
The killer bee barely misses you. The killer bee closely misses you.
You take 1 damage, and have 104/136 hp.
You hit the killer bee.
You kill the killer bee!
Trog accepts your kill.
You miss the killer bee. x2
The killer bee stings you but does no damage.
The killer bee barely misses you. The killer bee stings you.
You are more poisoned.
The killer bee poisons you!
You take 5 damage, and have 99/136 hp.
You feel sick. The killer bee barely misses you.
The killer bee closely misses you. The killer bee misses you.
The killer bee barely misses you. The killer bee stings you!
A killer bee comes into view.
There is a stone staircase leading up here.
You take 10 damage, and have 89/136 hp.
You feel a strong urge to attack something.
You feel sick.
The killer bee stings you but does no damage. x3
The killer bee stings you. x2
You are more poisoned.
The killer bee poisons you!
The queen bee calls on the killer bee to defend it!
The killer bee goes berserk!
The queen bee calls on the killer bee to defend it!
The killer bee goes berserk!
You climb upwards.
You feel sick.
There is a stone staircase leading down here.
You take 6 damage, and have 83/136 hp.
Unknown command.
Unknown command.
You hit the killer bee. You slash the killer bee! You miss the killer bee.
You slash the killer bee! You slice the phantom!!
You barely miss the killer bee.
You feel sick. The killer bee barely misses you.
The killer bee completely misses you. The killer bee misses you.
The killer bee stings you but does no damage.
The killer bee barely misses you. The killer bee stings you!
You are more poisoned.
The killer bee poisons you! The killer bee stings you!
The phantom barely misses you.
You take 23 damage, and have 60/136 hp.
You barely miss the killer bee. x2; You miss the killer bee.
You slash the killer bee!
You kill the killer bee!
Trog accepts your kill.
You barely miss the phantom. You barely miss the killer bee.
You feel sick. The killer bee closely misses you.
The killer bee stings you but does no damage. x2
The killer bee barely misses you. The killer bee stings you.
The killer bee closely misses you. The killer bee stings you.
The phantom hits you.
The killer bee stings you but does no damage.
You take 9 damage, and have 51/136 hp.
Unknown command.
You are no longer berserk.
You are exhausted.
You feel yourself slow down.
You feel sick.
The killer bee stings you but does no damage.
The killer bee rages.
The killer bee closely misses you.
You now have 32/91 hp.
Unknown command.
You feel very sick. The killer bee stings you!
* * * LOW HITPOINT WARNING * * *
The killer bee completely misses you. The killer bee misses you.
The phantom blinks!
The killer bee stings you!
* * * LOW HITPOINT WARNING * * *
You take 26 damage, and have 6/91 hp.
MASSIVE DAMAGE!!
You feel much better.
* * * LOW HITPOINT WARNING * * *
You feel very sick.
The killer bee stings you but does no damage.
The killer bee closely misses you.
The killer bee rages.
The killer bee barely misses you. The killer bee stings you.
* * * LOW HITPOINT WARNING * * *
The killer bee closely misses you.
The killer bee stings you but does no damage.
The killer bee stings you.
* * * LOW HITPOINT WARNING * * *
You are more poisoned.
The killer bee poisons you!
You regained 10 hp, and now have 16/91 hp.
As you read the scroll of fear, it crumbles to dust.
You assume a fearsome visage.
The killer bee looks frightened!
The phantom is unaffected.
The killer bee looks frightened!
* * * LOW HITPOINT WARNING * * *
You feel very sick.
The killer bee closely misses you. x2; The killer bee stings you!
* * * LOW HITPOINT WARNING * * *
The killer bee stings you!
You die...

#################################
.................................
...########....##############.###
..........+....# #.....##.....# #
#'#########....# #.....##.#######
#.# #....# #..........#.... ..#
#....# #.##'#.##..#.###
.##########....###..........#.#
...............W@yy....)......#
.############'###y.#.#..>.#.#.#
..# #........##>.#......!.#.# ..#
#...........y#####<##.#.# ..##
#...)....###+####.....#.# ...#
#........##......####.#.#
...####........##.....)....##.#
...............##.......##.##.###
..........###########.#.........#


You could see a phantom and 4 killer bees.

Vanquished Creatures
  A two-headed ogre (D:8)
  A hippogriff (D:8)
  Sigmund (D:5)
  A hungry ghost (D:8)
  A yak (D:8)
  The ghost of NormalPerson7 the Conjurer, an amateur GrCj (D:3)
  A black bear (D:8)
  2 orc warriors (D:8)
  2 ice beasts
  A necrophage (D:8)
  4 ogres
  4 centaurs
  2 bullfrogs
  2 water moccasin zombies (Ossuary)
  2 killer bees
  3 wights (D:6)
  4 jellies
  A howler monkey (D:5)
  A crimson imp (D:5)
  A bullfrog zombie (D:8)
  2 quasits
  2 hounds
  2 bullfrog skeletons (D:4)
  A centaur skeleton (D:4)
  3 orc priests
  Jessica (D:2)
  2 iguanas (D:6)
  Terence (D:2)
  7 orc wizards
  7 worker ants
  A killer bee zombie (D:6)
  2 big kobold zombies (Ossuary)
  A hound zombie (D:6)
  2 mummies (Ossuary)
  2 worker ant zombies (D:5)
  13 adders
  3 shadow imps
  7 adder zombies (Ossuary)
  2 worms
  2 dart slugs
  3 leopard geckos
  27 orcs
  7 giant cockroaches
  8 hobgoblins
  8 jackals
  2 quokkas (D:7)
  A ball python (D:3)
  7 bats
  2 frilled lizards
  2 gnoll zombies (Ossuary)
  8 goblins
  6 hobgoblin zombies (Ossuary)
  8 kobolds
  6 kobold zombies (Ossuary)
  2 orc zombies (Ossuary)
  8 rats
204 creatures vanquished.

Vanquished Creatures (collateral kills)
  A bullfrog (D:8)
  A quasit (D:8)
  A hound skeleton (D:8)
  An orc (D:8)
  A giant cockroach (D:8)
5 creatures vanquished.

Vanquished Creatures (others)
  An orc wizard (D:5)
1 creature vanquished.

Grand Total: 210 creatures vanquished

Notes
Turn   | Place    | Note
-------+----------+-------------------------------------------
     0 | D:1      | Gorglomux the Draconian Berserker began the quest for the Orb.
     0 | D:1      | Reached XP level 1. HP: 19/19 MP: 1/1
   207 | D:1      | Reached XP level 2. HP: 24/26 MP: 2/2
   843 | D:2      | Reached XP level 3. HP: 31/33 MP: 3/3
   895 | D:2      | Reached ** piety under Trog
   923 | D:2      | Noticed Terence
   937 | D:2      | Killed Terence
   937 | D:2      | Reached skill level 4 in Fighting
   937 | D:2      | Reached skill level 4 in Axes
  1053 | D:2      | Found a shattered altar of Ashenzari.
  1120 | D:2      | Noticed Jessica
  1131 | D:2      | Killed Jessica
  1131 | D:2      | Reached XP level 4. HP: 28/40 MP: 4/4
  1353 | D:2      | Found an opulent altar of Gozag.
  1758 | D:3      | Found a hide-covered altar of Uskayaw.
  1758 | D:3      | Found a shimmering altar of Xom.
  1767 | D:3      | Reached skill level 5 in Axes
  1767 | D:3      | Reached XP level 5. HP: 47/47 MP: 5/5
  1768 | D:3      | Found a blossoming altar of Fedhas.
  1768 | D:3      | Found a glowing silver altar of Zin.
  1768 | D:3      | Found a sacrificial altar of Ru.
  1847 | D:3      | Found an iron altar of Okawaru.
  1847 | D:3      | Found a shadowy altar of Dithmenos.
  1854 | D:3      | Noticed NormalPerson7's ghost (amateur GrCj)
  1869 | D:3      | Killed NormalPerson7's ghost
  1869 | D:3      | Reached skill level 5 in Fighting
  1869 | D:3      | Reached XP level 6. HP: 48/56 MP: 6/6
  2582 | D:4      | Reached *** piety under Trog
  2688 | D:4      | Reached skill level 6 in Axes
  2820 | D:4      | Found Xecadac's Assorted Antiques.
  2828 | D:4      | Bought a scroll of identify for 48 gold pieces
  2828 | D:4      | Bought a scroll labeled QEUS JOZETE for 24 gold pieces
  3078 | D:4      | Got an ancient short sword
  3079 | D:4      | Identified the +12 short sword of Courage {speed, rElec MR+ Stlth+} (You found it on level 4 of the Dungeon)
  3304 | D:5      | Entered Level 5 of the Dungeon
  3314 | D:5      | Your scales start taking on an icy white colour.
  3314 | D:5      | Reached XP level 7. HP: 56/62 MP: 7/7
  3314 | D:5      | Gained mutation: Your flesh is cold resistant. (rC+) [White Draconian growth]
  3319 | D:5      | Reached skill level 7 in Axes
  3343 | D:4      | HP: 15/62 [poisoned by a worker ant]
  3348 | D:4      | HP: 15/62 [poisoned by a worker ant]
  3673 | D:5      | Reached skill level 6 in Fighting
  3755 | D:5      | Found a radiant altar of Vehumet.
  4088 | D:5      | Noticed Sigmund
  4099 | D:5      | Killed Sigmund
  4099 | D:5      | Reached skill level 8 in Axes
  4099 | D:5      | Reached XP level 8. HP: 68/71 MP: 8/8
  4433 | D:6      | Reached skill level 7 in Fighting
  4439 | D:6      | Reached skill level 9 in Axes
  4652 | D:6      | Found a sand-covered staircase.
  4657 | Ossuary  | Entered an ossuary
  4708 | Ossuary  | Reached **** piety under Trog
  5207 | D:6      | Found a staircase to the Ecumenical Temple.
  5260 | D:6      | Found an ornate altar of the Wu Jian Council.
  5421 | D:6      | Reached skill level 10 in Axes
  5590 | D:7      | Reached XP level 9. HP: 67/81 MP: 9/9
  5611 | D:7      | Reached skill level 8 in Fighting
  5806 | D:7      | Found a runed door.
  5834 | D:7      | Noticed a sixfirhy
  6677 | D:8      | Reached skill level 1 in Evocations
  6759 | D:8      | Reached skill level 11 in Axes
  6802 | D:8      | Reached skill level 2 in Evocations
  6855 | D:8      | Noticed a two-headed ogre
  6872 | D:8      | HP: 19/123 [two-headed ogre/giant spiked club (27)]
  6875 | D:8      | Killed a two-headed ogre
  6875 | D:8      | Reached skill level 9 in Fighting
  6875 | D:8      | Reached skill level 3 in Evocations
  6879 | D:8      | Reached XP level 10. HP: 21/91 MP: 10/12
  7504 | D:8      | Reached skill level 12 in Axes
  7680 | D:9      | Reached ***** piety under Trog
  7697 | D:8      | HP: 13/91 [killer bee (15)]
  7697 | D:8      | HP: 6/91 [killer bee (7)]
  7699 | D:8      | HP: 2/91 [killer bee (10)]
  7699 | D:8      | Slain by a killer bee

Vault maps used:
D:1:      minmay_arrival_cross
D:2:      lemuel_coloured_pillars_altar, lemuel_round_altar, uniq_terence,
          uniq_jessica
D:3:      grunt_temple_overflow_open
D:4:      serial_shops, nicolae_shop_stone, hangedman_decor_push
D:5:      first_bread, basic_altar, uniq_sigmund
D:6:      minmay_temple_entry_fiery, nicolae_ossuary_entry_plus, basic_altar,
          nrook_loot_triangle
D:7:      cheibrodos_shockbox
D:8:      cheibrodos_fzero
D:9:      minmay_distorted_concentric_squares, minmay_door_square,
          david_nohive_1, lightli_minifort
Ossuary:  ossuary_tomb_2

Skill      XL: |  1  2  3  4  5  6  7  8  9 10 |
---------------+-------------------------------+-----
Fighting       | 4 5 6 7 9 |  9.3
Axes           | 4 5 6 8 10 11 12 | 12.0
Evocations     | 3 |  3.7
Dodging        | |  2.6

Action                   |  1- 3 |  4- 6 |  7- 9 | 10-12 || total
-------------------------+-------+-------+-------+-------++-------
Melee: Hand axe          |    85 |   173 |   209 |       ||   467
       Tailslap          |     8 |    20 |    62 |     7 ||    97
       Short sword       |       |     8 |   182 |    30 ||   220
       War axe           |       |       |       |    18 ||    18
Invok: Berserk           |     2 |     4 |     3 |     2 ||    11
       Trog's Hand       |       |     1 |     1 |       ||     2
       Burn Spellbooks   |       |       |     1 |       ||     1
       Brothers in Arms  |       |       |     1 |       ||     1
 Abil: Breathe Frost     |       |       |     1 |       ||     1
       Evoke Flight      |       |       |     1 |       ||     1
  Use: Scroll            |       |     7 |     7 |     1 ||    15
       Potion            |       |       |       |     1 ||     1
 Stab: Sleeping          |     1 |     1 |     7 |       ||     9
  Eat: Chunk             |    18 |     9 |    16 |    12 ||    55
Armor: Skin              |    24 |    54 |    97 |    39 ||   214
Dodge: Dodged            |    49 |   109 |   206 |    42 ||   406

Vault maps used:
D:1:      minmay_arrival_cross
D:2:      lemuel_coloured_pillars_altar, lemuel_round_altar, uniq_terence,
          uniq_jessica
D:3:      grunt_temple_overflow_open
D:4:      serial_shops, nicolae_shop_stone, hangedman_decor_push
D:5:      first_bread, basic_altar, uniq_sigmund
D:6:      minmay_temple_entry_fiery, nicolae_ossuary_entry_plus, basic_altar,
          nrook_loot_triangle
D:7:      cheibrodos_shockbox
D:8:      cheibrodos_fzero
D:9:      minmay_distorted_concentric_squares, minmay_door_square,
          david_nohive_1, lightli_minifort
Ossuary:  ossuary_tomb_2

Table legend:
 A = Turns spent in this place as a percentage of turns spent in the entire game.
 B = Non-inter-level travel turns spent in this place as a percentage of non-inter-level travel turns spent in the entire game.
 C = Inter-level travel turns spent in this place as a percentage of turns spent in this place.
 D = Turns resting spent in this place as a percentage of non-inter-level travel turns spent in this place.
 E = Turns spent auto-exploring this place as a percentage of non-inter-level travel turns spent in this place.
 F = Non-inter-level travel turns spent in this place divided by the number of levels of this place that you've seen.
                   A       B       C       D       E      F
               +-------+-------+-------+-------+-------+----------------------
         Total | 100.0 | 100.0 |   0.3 |   3.4 |   9.7 | 246.5
       Dungeon |  91.4 |  91.4 |   0.4 |   3.2 |   9.5 | 250.2
       Ossuary |   8.6 |   8.6 |   0.0 |   5.6 |  11.3 | 213.0
               +-------+-------+-------+-------+-------+----------------------

Table legend:
 A = Kills in this place as a percentage of kills in entire the game.
 B = Kills by you in this place as a percentage of kills by you in the entire game.
 C = Kills by friends in this place as a percentage of kills by friends in the entire game.
 D = Other kills in this place as a percentage of other kills in the entire game.
 E = Experience gained in this place as a percentage of experience gained in the entire game.
 F = Experience gained in this place divided by the number of levels of this place that you have seen.
                   A       B       C       D       E      F
               +-------+-------+-------+-------+-------+----------------------
         Total | 100.0 | 100.0 | 100.0 | 100.0 | 100.0 | 639.9
       Dungeon |  86.2 |  85.8 | 100.0 | 100.0 |  95.4 | 678.3
       Ossuary |  13.8 |  14.2 |   0.0 |   0.0 |   4.6 | 294.0
               +-------+-------+-------+-------+-------+----------------------
